AoeStats
← xxzxg_Nono

Arabia

510099925Analyzed
4v4 RM · 3d ago on Sep 29, 2026· 10m 54s· 8 players
Game mode
Random Map
Map size
Large (8 player)
Population
200
Speed
Normal
Resources
Standard
Victory
Conquest
Starting age
Dark Age
Ending age
Imperial Age
RankedLock teamsTeams togetherTeam positionsShared explorationLock speedFull tech treeHidden civsTurbo modeCheats
Victory
Defeat
🇹🇼 Persians · Taiwan
1058
+13
🇨🇳 Sicilians · China
1001
+15
🇦🇺 Turks · Australia
962
+17
🇨🇳 Celts · China
932
+19
🇹🇷 Teutons · Türkiye
1015
-17
🇵🇪 Mongols · Peru
1007
-17
🇫🇷 Romans · France
979
-16
🇦🇷 Magyars · Argentina
936
-14
Donald
not.matiasz
3:25 Loom
-pilavboy-*
11:12 Feudal Age
jochizan
xxzxg_Nono
5:14 Loom
10:15 Feudal Age
Konig
12:04 Feudal Age
XIXXIXXI
7:10 Loom
9:54 Feudal Age
礁溪羅志祥
10:22 Feudal Age
10:56 Double-Bit Axe
Connection lost

Rejoining the realm…

Still unreachable

The connection could not be restored.

Session expired

The server has moved on; the page needs a fresh start.